 Dungeon Crawl Stone Soup version 0.31-a0-167-g1c394c0614 (webtiles) character file.

Game seed: 12611764413423884482

541 qw the Shooter (level 7, -1/64 HPs)
             Began as a Naga Hunter on June 14, 2023.
             Was an Initiate of Okawaru.
             Slain by a steam dragon (5 damage)
             ... on level 6 of the Dungeon.
             The game lasted 00:01:21 (3956 turns).

qw the Shooter (Naga Hunter)                        Turns: 3956, Time: 00:01:21

Health: -1/64      AC:  3    Str: 13    XL:     7   Next: 26%
Magic:  6/7        EV: 10    Int:  9    God:    Okawaru [......]
Gold:   219        SH:  0    Dex: 17    Spells: 6/6 levels left

rFire   . . .        Y - +0 orcbow
rCold   . . .        (shield currently unavailable)
rNeg    . . .        c - +0 leather armour
rPois   +            (no helmet)
rElec   .            (no cloak)
rCorr   .            (no gloves)
SInv    +            (no barding)
Will    .....        (no amulet)
Stlth   ++           (no ring)
HPRegen 0.30/turn    (no ring)
MPRegen 0.10/turn

%: no passive effects
@: lethally poisoned (-1 -> -2), very slow
A: AC +2, large, see invisible, deformed body, poison resistance, slowness 2,
spit poison 1, naga tail 1
a: Spit Poison, Renounce Religion


You were on level 6 of the Dungeon.
You worshipped Okawaru.
Okawaru was noncommittal.
You visited 2 branches of the dungeon, and saw 7 of its levels.

You collected 219 gold pieces.


Innate Abilities, Weirdness & Mutations

Your serpentine skin is tough. (AC +2)
You have supernaturally acute eyesight. (SInv)
Armour fits poorly on your strangely shaped body.
Your system is resistant to poisons. (rPois)
You cover ground very slowly.
You can spit poison.
You have a snake-like lower body.


   Skills:
 - Level 4.0 Fighting
 + Level 6.8 Ranged Weapons
 - Level 2.0 Dodging
 - Level 1.5 Stealth
 - Level 0.4 Invocations


You had 6 spell levels left.
You didn't know any spells.
Your spell library was empty.

Inventory:

Hand Weapons
 Y - a +0 orcbow (weapon)
Armour
 a - a +0 helmet
 c - a +0 leather armour (worn)
Potions
 b - 2 potions of curing
 d - a potion of heal wounds {unknown}
 e - a potion of attraction {unknown}
 f - a potion of lignification {unknown}
 h - a potion of cancellation {unknown}
 j - a potion of degeneration {unknown}

Dungeon Overview and Level Annotations

Branches:
Dungeon (6/15)             Temple (1/1) D:4

Altars:
Ashenzari
Dithmenos
Fedhas
Hepliaklqana
Okawaru
Wu Jian
Xom


Message History

The arrow barely misses the steam dragon.
You shoot an arrow.
The arrow hits the steam dragon but does no damage.
An adder comes into view.
You shoot an arrow. The arrow hits the steam dragon!
The steam dragon is moderately wounded.
The steam dragon bites you.
The steam dragon claws you but does no damage.
The adder moves out of view.
You shoot an arrow.
The arrow completely misses the steam dragon.
You have got your breath back.
The steam dragon breathes steam at you. The ball of steam hits you!!
3953 ||| INVOKING Spit Poison.
Aiming: Spit Poison (1% risk of failure)
Press: ? - help, Shift-Dir - straight line, f/p - steam dragon The splash of poison misses the steam dragon.
You are engulfed in a cloud of scalding steam.
You feel like a meek peon again. The steam dragon bites you.
The steam dragon closely misses you.
You shoot an arrow. The arrow hits the steam dragon.
The steam dragon is heavily wounded.
You are engulfed in a cloud of scalding steam.
The steam dragon bites you but does no damage.
The steam dragon claws you.
You shoot an arrow.
The arrow barely misses the steam dragon.
You are engulfed in a cloud of scalding steam.
The steam dragon bites you. The steam dragon barely misses you.
The adder bites you.
You are poisoned.
The adder poisons you!
You shoot an arrow.
The arrow barely misses the steam dragon.
You are engulfed in a cloud of scalding steam.
You have got your breath back.
You feel sick.
The steam dragon barely misses you. x2; The adder bites you.
The steam dragon closely misses you. The steam dragon claws you.
You die...

#........#..##
............#
.....#....#
#....#...#
#.......#
#....... ##...¤#
#.....##
#.D@.¤¤#
.#.#.S....###
#...........¤.##
.......#......[#
......###.....##
#..... #<.....#
###$.# #...####
#.. ##.## ...
###


You could see a steam dragon and an adder.

Vanquished Creatures
  An ogre (D:4)
  A centaur (D:5)
  4 hounds
  A jelly (D:5)
  2 iguanas
  An orc wizard (D:5)
  3 gnolls (D:5)
  3 adders
  4 worms
  2 dart slugs
  5 orcs
  6 endoplasms
  5 giant cockroaches
  5 goblins
  9 hobgoblins
  6 quokkas
  4 ball pythons
  4 bats
  A frilled lizard (D:1)
  11 kobolds
  2 quokka zombies (D:4)
  2 rats
82 creatures vanquished.

Notes
Turn   | Place    | Note
-------+----------+-------------------------------------------
     0 | D:1      | qw the Naga Hunter began the quest for the Orb.
     0 | D:1      | Reached XP level 1. HP: 19/19 MP: 1/1
     0 | D:1      | 0 ||| qw: Version: 0.2-a-29-g1fa15c8
     0 | D:1      | 0 ||| qw: Game counter: 5060
     0 | D:1      | 0 ||| qw: Always use a shield: true
     0 | D:1      | 0 ||| qw: God list: Okawaru
     0 | D:1      | 0 ||| qw: Allow faded altars: false
     0 | D:1      | 0 ||| qw: Do Orc after D:15 true
     0 | D:1      | 0 ||| qw: Do second Lair branch before Depths: true
     0 | D:1      | 0 ||| qw: Lair rune preference: random
     0 | D:1      | 0 ||| qw: Plans: Normal
     0 | D:1      | 0 ||| PLANNING D:1-11
    72 | D:1      | 72 ||| INVOKING Spit Poison.
    77 | D:1      | 77 ||| INVOKING Spit Poison.
    88 | D:1      | 88 ||| INVOKING Spit Poison.
    89 | D:1      | Reached skill level 4 in Ranged Weapons
    89 | D:1      | Reached XP level 2. HP: 26/26 MP: 2/2
    93 | D:1      | 93 ||| INVOKING Spit Poison.
   222 | D:1      | 222 ||| INVOKING Spit Poison.
   278 | D:1      | 278 ||| INVOKING Spit Poison.
   289 | D:1      | 289 ||| INVOKING Spit Poison.
   295 | D:1      | 295 ||| INVOKING Spit Poison.
   306 | D:1      | 306 ||| INVOKING Spit Poison.
   310 | D:1      | 310 ||| INVOKING Spit Poison.
   315 | D:1      | 315 ||| INVOKING Spit Poison.
   318 | D:1      | 318 ||| INVOKING Spit Poison.
   381 | D:1      | 381 ||| INVOKING Spit Poison.
   390 | D:1      | You fall into a shaft and drop 1 floor!
   410 | D:2      | 410 ||| DROPPING ring of wizardry.
   411 | D:2      | 411 ||| DRINKING 2 amethyst potions.
   412 | D:2      | 412 ||| DROPPING scroll of butterflies.
   413 | D:2      | 413 ||| DROPPING potion of enlightenment.
   640 | D:1      | 640 ||| INVOKING Spit Poison.
   815 | D:1      | 815 ||| INVOKING Spit Poison.
   816 | D:1      | Reached XP level 3. HP: 32/32 MP: 3/3
   939 | D:1      | 939 ||| READING scroll labelled ZUCSACL ZIUNG.
   940 | D:1      | 940 ||| READING scroll labelled BOIKKOPP WONO.
   941 | D:1      | 941 ||| READING scroll labelled TILAIL NIULLA.
   998 | D:2      | 998 ||| INVOKING Spit Poison.
  1051 | D:2      | 1051 ||| INVOKING Spit Poison.
  1062 | D:2      | 1062 ||| INVOKING Spit Poison.
  1087 | D:2      | 1087 ||| INVOKING Spit Poison.
  1141 | D:2      | 1141 ||| INVOKING Spit Poison.
  1150 | D:2      | 1150 ||| INVOKING Spit Poison.
  1186 | D:2      | 1186 ||| INVOKING Spit Poison.
  1190 | D:2      | 1190 ||| INVOKING Spit Poison.
  1423 | D:2      | 1423 ||| INVOKING Spit Poison.
  1543 | D:2      | 1543 ||| INVOKING Spit Poison.
  1567 | D:2      | 1567 ||| READING scroll labelled SOBLAO NUSS.
  1590 | D:3      | 1590 ||| INVOKING Spit Poison.
  1596 | D:3      | 1596 ||| INVOKING Spit Poison.
  1638 | D:3      | 1638 ||| INVOKING Spit Poison.
  1703 | D:3      | 1703 ||| INVOKING Spit Poison.
  1736 | D:3      | 1736 ||| INVOKING Spit Poison.
  1756 | D:3      | Reached skill level 5 in Ranged Weapons
  1767 | D:3      | 1767 ||| INVOKING Spit Poison.
  1770 | D:3      | Reached XP level 4. HP: 39/39 MP: 4/4
  1779 | D:3      | 1779 ||| INVOKING Spit Poison.
  1840 | D:3      | 1840 ||| INVOKING Spit Poison.
  1845 | D:3      | 1845 ||| INVOKING Spit Poison.
  1849 | D:3      | 1849 ||| INVOKING Spit Poison.
  1853 | D:3      | 1853 ||| INVOKING Spit Poison.
  1910 | D:3      | 1910 ||| INVOKING Spit Poison.
  1916 | D:3      | 1916 ||| INVOKING Spit Poison.
  2007 | D:3      | 2007 ||| INVOKING Spit Poison.
  2027 | D:3      | 2027 ||| INVOKING Spit Poison.
  2035 | D:3      | 2035 ||| DRINKING 3 red potions.
  2036 | D:3      | 2036 ||| DROPPING 2 potions of invisibility.
  2050 | D:4      | 2050 ||| PLANNING OSSUARY
  2081 | D:4      | 2081 ||| INVOKING Spit Poison.
  2128 | D:4      | 2128 ||| INVOKING Spit Poison.
  2134 | D:4      | 2134 ||| INVOKING Spit Poison.
  2136 | D:4      | Reached skill level 3 in Fighting
  2183 | D:4      | 2183 ||| INVOKING Spit Poison.
  2186 | D:4      | 2186 ||| INVOKING Spit Poison.
  2189 | D:4      | 2189 ||| INVOKING Spit Poison.
  2194 | D:4      | Reached XP level 5. HP: 31/49 MP: 5/5
  2194 | D:4      | 2194 ||| INVOKING Spit Poison.
  2195 | D:4      | HP: 9/49 [hobgoblin/+0 mace (8)]
  2351 | D:4      | Found a staircase to the Ecumenical Temple.
  2360 | D:4      | 2360 ||| INVOKING Spit Poison.
  2364 | D:4      | 2364 ||| INVOKING Spit Poison.
  2407 | D:4      | 2407 ||| INVOKING Spit Poison.
  2515 | D:4      | Noticed an ogre
  2517 | D:4      | 2517 ||| INVOKING Spit Poison.
  2520 | D:4      | 2520 ||| INVOKING Spit Poison.
  2522 | D:4      | Killed an ogre
  2523 | D:4      | Reached skill level 6 in Ranged Weapons
  2523 | D:4      | Reached XP level 6. HP: 16/56 MP: 6/6
  2698 | D:4      | 2698 ||| RIP OSSUARY
  2736 | D:4      | 2736 ||| PLANNING TEMPLE
  2736 | D:4      | 2736 ||| READING scroll labelled AWONWE VUFE.
  2754 | Temple   | Entered the Ecumenical Temple
  2775 | Temple   | 2775 ||| PLANNING OKAWARU WORSHIP
  2846 | Temple   | Became a worshipper of Warmaster Okawaru
  2847 | Temple   | 2847 ||| PLANNING D:1-11
  2863 | D:4      | 2863 ||| INVOKING Spit Poison.
  2946 | D:4      | 2946 ||| DRINKING 2 fuming ruby potions.
  2951 | D:4      | 2951 ||| DROPPING potion of ambrosia.
  2959 | D:5      | Entered Level 5 of the Dungeon
  2965 | D:5      | 2965 ||| INVOKING Spit Poison.
  2970 | D:5      | 2970 ||| INVOKING Spit Poison.
  3036 | D:5      | 3036 ||| INVOKING Spit Poison.
  3057 | D:5      | 3057 ||| INVOKING Spit Poison.
  3062 | D:5      | 3062 ||| INVOKING Spit Poison.
  3115 | D:5      | 3115 ||| INVOKING Spit Poison.
  3155 | D:5      | 3155 ||| INVOKING Spit Poison.
  3176 | D:5      | 3176 ||| INVOKING Spit Poison.
  3181 | D:5      | 3181 ||| INVOKING Spit Poison.
  3278 | D:5      | 3278 ||| INVOKING Spit Poison.
  3283 | D:5      | HP: 12/57 [centaur/arrow (8)]
  3284 | D:5      | 3284 ||| INVOKING Spit Poison.
  3287 | D:5      | Reached XP level 7. HP: 9/64 MP: 7/7
  3493 | D:5      | 3493 ||| UPGRADING to +0 orcbow.
  3494 | D:5      | 3494 ||| DROPPING +0 shortbow.
  3519 | D:5      | 3519 ||| INVOKING Spit Poison.
  3522 | D:5      | 3522 ||| INVOKING Spit Poison.
  3548 | D:5      | 3548 ||| INVOKING Spit Poison.
  3720 | D:5      | 3720 ||| INVOKING Spit Poison.
  3801 | D:5      | 3801 ||| INVOKING Spit Poison.
  3806 | D:5      | 3806 ||| INVOKING Spit Poison.
  3808 | D:5      | Reached * piety under Okawaru
  3813 | D:5      | 3813 ||| INVOKING Spit Poison.
  3899 | D:5      | 3899 ||| INVOKING Spit Poison.
  3912 | D:5      | 3912 ||| READING scroll labelled ISEFOU LALEISH.
  3913 | D:5      | 3913 ||| READING scroll labelled ANENAE NASHI.
  3914 | D:5      | 3914 ||| DRINKING 3 smoky grey potions.
  3942 | D:6      | Noticed a steam dragon
  3943 | D:6      | 3943 ||| INVOKING Heroism.
  3944 | D:6      | 3944 ||| Stepping ~*~*~tactically~*~*~ (cloud).
  3946 | D:6      | 3946 ||| INVOKING Spit Poison.
  3953 | D:6      | 3953 ||| INVOKING Spit Poison.
  3955 | D:6      | HP: 15/64 [steam dragon] (6)]
  3956 | D:6      | HP: 6/64 [poisoned by an adder]
  3956 | D:6      | Slain by a steam dragon

Levels and vault maps discovered:
D:1:      wheals_arrival_linesprint, layout_basic, glass_columns_a,
          lemuel_flame_loot_1
D:2:      layout_loops_ring
D:3:      layout_rooms
D:4:      layout_rooms, minmay_temple_entry_arrows, enter_ossuary_4
D:5:      layout_loops_ring, hex_large
D:6:      layout_cave_pools, mainiacjoe_overflow_tiny_flanked, serial_shops,
          nicolae_shop_dealshenge, feat_on_display
Temple:   nicolae_temple_great_sept

Skill      XL: |  1  2  3  4  5  6 |
---------------+-------------------+-----
Ranged Weapons | 4 5 6 |  6.8
Fighting       | 3 4 |  4.0
Dodging        | 2 |  2.0
Stealth        | |  1.5
Invocations    | |  0.4

Action                     |  1- 3 |  4- 6 |  7- 9 || total
---------------------------+-------+-------+-------++-------
   Fire: Shortbow          |    80 |    96 |       ||   176
         Orcbow            |       |       |    32 ||    32
 Invoke: Heroism           |       |       |     1 ||     1
Ability: Spit Poison       |    31 |    33 |    10 ||    74
    Use: Potion            |     1 |     2 |     1 ||     4
         Scroll            |     4 |     1 |     2 ||     7
 Armour: Leather armour    |    10 |    12 |     4 ||    26
  Dodge: Dodged            |    24 |    34 |    11 ||    69

Table legend:
 A = Non-vault XP
 B = Vault XP
 C = Vault XP percentage of total XP
 D = Non-vault monster count
 E = Vault monster count
 F = Vault count percentage of total count
                 A         B        C        D         E       F
            +---------+---------+-------+---------+---------+-------
      Total |     771 |       2 |   0.3 |      80 |       2 |   2.4
            +---------+---------+-------+---------+---------+-------
        D:1 |      34 |       0 |   0.0 |      21 |       0 |   0.0
        D:2 |      34 |       0 |   0.0 |      14 |       0 |   0.0
        D:3 |      34 |       0 |   0.0 |      14 |       0 |   0.0
        D:4 |     225 |       2 |   0.9 |      12 |       2 |  14.3
        D:5 |     444 |       0 |   0.0 |      19 |       0 |   0.0
            +---------+---------+-------+---------+---------+-------
